 Dungeon Crawl Stone Soup version 0.30-a0-808-g6e0788376e (webtiles) character file.

Game seed: 16555203244023945025

442 Farfigtubin the Sneak (level 7, -17/40 HPs)
             Began as a Kobold Brigand on Feb 26, 2023.
             Demolished by an ogre
             ... wielding a +0 giant club
              (36 damage)
             ... on level 4 of the Dungeon.
             The game lasted 00:20:27 (2832 turns).

Farfigtubin the Sneak (Kobold Brigand)              Turns: 2832, Time: 00:20:27

Health: -17/40     AC:  3    Str:  8    XL:     7   Next: 23%
Magic:  8/8        EV: 16    Int: 12    God:
Gold:   191        SH:  0    Dex: 19    Spells: 8/8 levels left

rFire   . . .      SeeInvis .    a - +4 dagger
rCold   . . .      Faith    .    (no shield)
rNeg    . . .      Spirit   .    b - +0 robe
rPois   .          Reflect  .    (no helmet)
rElec   .          Harm     .    c - +0 cloak
rCorr   .          Rampage  .    (no gloves)
Will    .....                    (no boots)
Stlth   +++++                    (no amulet)
HPRegen 0.26/turn                (no ring)
MPRegen 0.11/turn                (no ring)

@: no status effects
A: small, no large weapons, nightstalker 3
a: no special abilities


You were on level 4 of the Dungeon.
You visited 1 branch of the dungeon, and saw 5 of its levels.

You collected 191 gold pieces.

Inventory:

Hand Weapons
 a - a +4 dagger (weapon)
Missiles
 d - 12 poisoned darts (quivered)
 e - 2 curare-tipped darts
 j - 64 stones
 w - 2 datura-tipped darts
Armour
 b - a +0 robe (worn)
 c - a +0 cloak (worn)
Wands
 k - a wand of polymorph (2)
Scrolls
 f - a scroll of fog {unknown}
 g - a scroll of blinking {unknown}
 i - a scroll of vulnerability {unknown}
 m - 3 scrolls of identify {unknown}
 o - a scroll of enchant weapon {unknown}
 p - a scroll of torment {unknown}
 s - a scroll of brand weapon {unknown}
 t - a scroll of magic mapping {unknown}
 v - a scroll of fear {unknown}
 y - a scroll of enchant armour {unknown}
Potions
 h - a potion of might {unknown}
 l - 2 potions of degeneration {unknown}
 n - a potion of lignification {unknown}
 q - 2 potions of magic {unknown}
 r - 2 potions of attraction {unknown}
 u - 3 potions of mutation {unknown}
 x - a potion of brilliance {unknown}


   Skills:
 - Level 2.1 Fighting
 * Level 6.9 Short Blades
 - Level 2.1 Throwing
 - Level 3.6 Dodging
 + Level 7.2 Stealth
 + Level 1.2 Spellcasting
 + Level 1.2 Translocations


You had 8 spell levels left.
You didn't know any spells.
Your spell library contained the following spells:

 Spells                   Type           Power      Damage    Failure   Level
 Cigotuvi's Dreadful Rot  Necr/Pois/Air  0%         N/A       41%         2
 Manifold Assault         Tloc           3%         N/A       87%         4
 Animate Dead             Necr           0%         N/A       96%         4
 Dispel Undead            Necr           0%         3d6       96%         4
 Borgnjor's Vile Clutch   Necr/Erth      0%         N/A       100%        5
 Death Channel            Necr           0%         N/A       100%        6
 Dispersal                Tloc           1%         N/A       100%        6
 Disjunction              Tloc           1%         N/A       100%        8


Dungeon Overview and Level Annotations

Branches:
Dungeon (5/15)
 Temple: D:4-7

Altars:
Dithmenos

Annotations:
D:3 1 runed translucent door, Crazy Yiuf


Innate Abilities, Weirdness & Mutations

You are small and have problems with some larger weapons.
You are completely attuned to the shadows.


Message History

The goblin closely misses you.
You barely miss the goblin.
An ogre comes into view. It is wielding a +0 giant club.
The goblin misses you.
You hit the goblin.
You kill the goblin!
Throw: 14 darts (poison)
Press: ? - help, Q - select action, (/) - cycle Shift-Dir - straight line, f - ogre
Aim: an ogre, wielding a +0 giant club (77% to hit)
You throw a poisoned dart. The poisoned dart hits the ogre.
The ogre is poisoned.
Throw: 13 darts (poison)
Press: ? - help, Q - select action, (/) - cycle Shift-Dir - straight line, f/p - ogre
Aim: an ogre, wielding a +0 giant club (lightly wounded, poisoned, 77% to hit)
You throw a poisoned dart. The poisoned dart hits the ogre.
The ogre looks even sicker.
The ogre is lightly wounded.
You hit the ogre.
The ogre is lightly wounded.
The ogre hits you with a +0 giant club!!
Ouch! That really hurt!
You hit the ogre.
The ogre is moderately wounded.
You hit the ogre.
The ogre is moderately wounded.
You hit the ogre.
The ogre is heavily wounded.
The ogre barely misses you.
You barely miss the ogre.
The ogre is heavily wounded.
You hit the ogre.
The ogre is severely wounded.
The ogre barely misses you.
You hit the ogre.
The ogre is severely wounded.
You barely miss the ogre.
The ogre is severely wounded.
The ogre hits you with a +0 giant club!!!
Ouch! That really hurt!
You die...

#.........##.
#.........##)
#......)..g#. .#.# .#
#...)...gg._. #.#(##.#
#...)....†##. ....(..#
##..<....###. ...))..#
##.........#..
#......O###..........#.#
#......@..)............#
#.......#..#.).......###
#.........##...)....)#
#..!....#####........##
#.[.#.### ##.....#.)#
#.#...# ##.#####.##
##.#.### #.# #†<#
###....# ..# ##..
#....>## #..


You could see an ogre (poisoned).

Vanquished Creatures
  An ice beast (D:5)
  An ogre (D:4)
  A centaur (D:5)
  A necrophage (D:4)
  An iguana (D:5)
  Robin (D:4)
  2 adders
  An ufetubus (D:4)
  2 dart slugs
  An orc (D:3)
  3 ball pythons (D:1)
  2 bats
  4 endoplasms
  4 giant cockroaches
  13 goblins
  9 hobgoblins
  3 jackals (D:1)
  2 quokkas
  3 frilled lizards (D:1)
  5 kobolds
  4 rats
64 creatures vanquished.

Vanquished Creatures (others)
  3 fungi (D:3)
3 creatures vanquished.

Grand Total: 67 creatures vanquished

Notes
Turn   | Place    | Note
-------+----------+-------------------------------------------
     0 | D:1      | Farfigtubin the Kobold Brigand began the quest for the Orb.
     0 | D:1      | Reached XP level 1. HP: 12/12 MP: 1/1
   112 | D:2      | Reached XP level 2. HP: 17/17 MP: 2/2
   153 | D:3      | Found a runed translucent door.
   242 | D:4      | Found a shadowy altar of Dithmenos.
   242 | D:4      | You fall into a shaft and drop 1 floor!
   242 | D:5      | Entered Level 5 of the Dungeon
   275 | D:5      | Noticed an ice beast
   283 | D:5      | Killed an ice beast
   284 | D:5      | Reached skill level 6 in Stealth
   284 | D:5      | Reached XP level 3. HP: 21/21 MP: 3/3
   284 | D:5      | Reached XP level 4. HP: 26/26 MP: 4/4
   284 | D:5      | Reached XP level 5. HP: 30/30 MP: 5/5
   339 | D:5      | Noticed a centaur
   351 | D:5      | Killed a centaur
   352 | D:5      | Reached skill level 5 in Short Blades
   572 | D:5      | Reached XP level 6. HP: 35/35 MP: 6/6
   622 | D:4      | Noticed an ogre
  2018 | D:2      | Found a faded altar of an unknown god.
  2489 | D:3      | Noticed Crazy Yiuf
  2578 | D:4      | Killed an ogre
  2579 | D:4      | Reached skill level 7 in Stealth
  2660 | D:4      | Reached skill level 1 in Spellcasting
  2660 | D:4      | Reached skill level 1 in Translocations
  2660 | D:4      | Reached XP level 7. HP: 25/40 MP: 8/8
  2663 | D:4      | Noticed Robin
  2673 | D:4      | Killed Robin
  2832 | D:4      | Demolished by an ogre

Illustrated notes

Levels and vault maps discovered:
D:1:      saegor_arrival_simple_a, layout_rooms, nrook_mini_vaults
D:2:      layout_basic, dreamdust_ecumenical_altar_statues
D:3:      layout_rooms, grunt_decor_arrowhead, nicolae_titane,
          uniq_crazy_yiuf_cottage
D:4:      layout_rooms, mainiacjoe_overflow_concentric_impassable,
          overflow_temple_1_default, corexii_hall_statues_l, minivault_23,
          uniq_robin
D:5:      layout_basic

Skill      XL: |  1  2  3  4  5  6 |
---------------+-------------------+-----
Short Blades   | 3 4 5 6 |  6.9
Dodging        | 2 3 |  3.6
Stealth        | 6 7 |  7.2
Spellcasting   | 1 |  1.2
Translocations | 1 |  1.2
Fighting       | |  2.1
Throwing       | |  2.1

Action                     |  1- 3 |  4- 6 |  7- 9 || total
---------------------------+-------+-------+-------++-------
  Melee: Dagger            |     7 |   123 |    40 ||   170
         Punch             |       |     1 |       ||     1
  Throw: Dart              |       |     2 |     2 ||     4
   Stab: Sleeping          |     7 |    23 |       ||    30
 Armour: Robe              |       |    15 |     4 ||    19
  Dodge: Dodged            |       |    82 |    23 ||   105

Table legend: (Time is in decaauts)
 A = Elapsed time spent in this place.
 B = Non-inter-level travel time spent in this place.
 C = Inter-level travel time spent in this place.
 D = Time resting spent in this place.
 E = Time spent auto-exploring this place.
 F = Levels seen in this place.
 G = Mean time per level.
                   A        B        C        D        E       F      G
               +--------+--------+--------+--------+--------+-----+--------+
         Total |   2780 |   2637 |    143 |    188 |    751 |   5 |  556.0 |
       Dungeon |   2780 |   2637 |    143 |    188 |    751 |   5 |  556.0 |
               +--------+--------+--------+--------+--------+-----+--------+

Top non-repeatable levels by time:
     D:2: 839 daAuts
     D:3: 741 daAuts
     D:1: 641 daAuts
     D:5: 352 daAuts
     D:4: 204 daAuts
